 Dungeon Crawl Stone Soup version 0.30-a0-364-gf6b3ef1049 (webtiles) character file.

Game seed: 15032062878310107339

126 Conn the Firebug (level 5, -7/31 HPs)
             Began as an Octopode Fire Elementalist on Nov 15, 2022.
             Mangled by a gnoll
             ... wielding a +0 halberd of freezing
              (15 damage)
             ... on level 3 of the Dungeon.
             The game lasted 00:04:31 (2813 turns).

Conn the Firebug (Octopode Fire Elementalist)       Turns: 2813, Time: 00:04:33

Health: -7/31      AC:  1    Str:  7    XL:     5   Next: 9%
Magic:  9/9        EV: 13    Int: 20    God:
Gold:   113        SH:  0    Dex: 12    Spells: 9/10 levels left

rFire   . . .      SeeInvis .    e - +0 dagger
rCold   . . .      Faith    .    (no shield)
rNeg    + . .      Spirit   .    (helmet restricted)
rPois   .          Reflect  .    (no amulet)
rElec   .          Harm     .    k - ring of positive energy
rCorr   .          Rampage  .    (no ring)
Will    .....                    (no ring)
Stlth   +++.......               (no ring)
HPRegen 0.25/turn                (no ring)
MPRegen 0.11/turn                (no ring)
                                 (no ring)
                                 (no ring)

@: no status effects
A: almost no armour, amphibious, 8 rings, camouflage 1, gelatinous body 1,
(nimble swimmer 1), tentacles
a: no special abilities


You were on level 3 of the Dungeon.
You visited 1 branch of the dungeon, and saw 3 of its levels.
You also visited: Sewer.

You collected 113 gold pieces.

Inventory:

Hand Weapons
 e - a +0 dagger (weapon)
Missiles
 q - 5 javelins
Jewellery
 k - a ring of positive energy (left tentacle)
Wands
 l - a wand of polymorph (10)
Scrolls
 f - 3 scrolls of enchant weapon {unknown}
 g - 2 scrolls of fear {unknown}
 h - 2 scrolls of fog {unknown}
 j - a scroll of vulnerability {unknown}
 m - a scroll of identify {unknown}
 r - a scroll of noise {unknown}
Potions
 a - a potion of magic
 b - 2 potions of ambrosia {unknown}
 c - a potion of resistance {unknown}
 d - 2 potions of mutation {unknown}
 i - a potion of haste
 n - a potion of brilliance {unknown}
 o - a potion of flight {unknown}
 p - 2 potions of heal wounds {unknown}


   Skills:
 + Level 0.2 Fighting
 + Level 2.1 Dodging
 + Level 3.7 Stealth
 + Level 3.1 Spellcasting
 + Level 1.5 Conjurations
 + Level 4.2 Fire Magic


You had 9 spell levels left.
You knew the following spells:

 Your Spells              Type           Power      Damage    Failure   Level
a - Foxfire               Conj/Fire      56%        2x1d6     4%          1

Your spell library contained the following spells:

 Spells                   Type           Power      Damage    Failure   Level
 Scorch                   Fire           40%        2d7       3%          2
 Inner Flame              Hex/Fire       11%        N/A       19%         3
 Kindle Blastsparks       Fire/Tloc/Air  16%        2d11      24%         3
 Call Canine Familiar     Summ           3%         N/A       38%         3
 Gell's Gravitas          Tloc           3%         N/A       38%         3
 Lesser Beckoning         Tloc           6%         N/A       38%         3
 Portal Projectile        Hex/Tloc       6%         N/A       38%         3
 Teleport Other           Tloc           3%         N/A       38%         3
 Flame Wave               Conj/Fire      14%        2d6       41%         4
 Leda's Liquefaction      Hex/Erth       1%         N/A       80%         4


Dungeon Overview and Level Annotations

Branches:
Dungeon (3/15)              Sewer (visited)

Altars:
Elyvilon
Okawaru
Yredelemnul


Innate Abilities, Weirdness & Mutations

You cannot wear most types of armour.
You are amphibious.
You can wear up to eight rings at the same time.
Your skin changes colour to match your surroundings (Stealth+).
Your rubbery body absorbs attacks. (AC +1, EV +1)
((You are camouflaged when in or above water. (Stealth+)))
You have tentacles for arms and can constrict up to eight enemies at once.


Message History

HP restored.
You see here a hobgoblin corpse.
You now have 113 gold pieces (gained 11).
A dart slug comes into view.
Found an iron altar of Okawaru.
The helpless dart slug fails to defend itself.
You puncture the dart slug! Your grab misses the dart slug.
You squeeze the dart slug.
You kill the dart slug!
You have reached level 5!
You feel clever.
Unknown command.
There is an open door here.
Found 2 stones.
You see here 2 stones.
A gnoll comes into view. It is wielding a +0 spear.
The gnoll shouts!
A gnoll comes into view. It is wielding a +0 club.
A gnoll comes into view.
It is wielding a +0 halberd of freezing.
The gnoll hits you with a +0 spear.
The gnoll shouts! x2
You hit the gnoll. Your grab misses the gnoll. You squeeze the gnoll.
The gnoll is severely wounded.
The gnoll misses you.
You closely miss the gnoll. You grab the gnoll.
The gnoll is severely wounded.
You constrict the gnoll. The gnoll hits you with a +0 spear!
You hit the gnoll but do no damage.
You squeeze the gnoll, but do no damage.
The gnoll is almost dead.
You constrict the gnoll.
You kill the gnoll!
Your Spellcasting skill increases to level 3!
You hit the gnoll. You grab the gnoll. You squeeze the gnoll!
The gnoll is severely wounded.
You constrict the gnoll, but do no damage.
The gnoll hits you with a +0 club!
* * * LOW HITPOINT WARNING * * *
The gnoll hits you from afar with a +0 halberd of freezing!
You die...

#.........#####..#
#.#############..#
#.#..............#
#.#.##########....
#.#.# #.#.. #.#.#
#....
#.#.##############
#.#...............
#@################
#g# #g# #.# ..#
###


You could see 2 gnolls.

Vanquished Creatures
  A hell rat (Sewer)
  An adder (D:2)
  A gnoll (D:3)
  2 river rats (Sewer)
  A worm (D:3)
  A dart slug (D:3)
  2 ball pythons
  5 endoplasms
  4 giant cockroaches
  2 goblins
  6 hobgoblins
  4 jackals (D:1)
  8 quokkas
  8 bats
  2 frilled lizards (D:1)
  A kobold (D:1)
  11 rats
60 creatures vanquished.

Vanquished Creatures (others)
  142 foxfires
142 creatures vanquished.

Grand Total: 202 creatures vanquished

Notes
Turn   | Place    | Note
-------+----------+-------------------------------------------
     0 | D:1      | Conn the Octopode Fire Elementalist began the quest for the
                  | Orb.
     0 | D:1      | Reached XP level 1. HP: 11/11 MP: 3/3
   233 | D:1      | Found a faded altar of an unknown god.
   525 | D:1      | Reached XP level 2. HP: 13/17 MP: 0/5
  1143 | D:1      | Reached XP level 3. HP: 21/21 MP: 2/6
  1985 | D:3      | Found a white marble altar of Elyvilon.
  2068 | D:3      | Found a basalt altar of Yredelemnul.
  2146 | D:3      | Found a glowing drain.
  2159 | D:3      | Reached XP level 4. HP: 23/27 MP: 4/8
  2162 | Sewer    | Entered a sewer
  2377 | Sewer    | Reached skill level 4 in Fire Magic
  2669 | D:3      | Found an iron altar of Okawaru.
  2672 | D:3      | Reached XP level 5. HP: 31/31 MP: 9/9
  2813 | D:3      | Mangled by a gnoll

Illustrated notes

Levels and vault maps discovered:
D:1:      lightli_arrival_statuegarden, layout_loops_corners,
          shapermc_ecumenical_altar_acropolis, minmay_statues_item
D:2:      layout_basic
D:3:      layout_basic, kennysheep_ying_yang, worldfamousw_hep_ancestral_shrine,
          marbit_many_paths, gup_sewer_entry_pipe, item_on_display_a

Skill      XL: |  1  2  3  4  5 |
---------------+----------------+-----
Stealth        | 3 |  3.7
Fire Magic     | 4 |  4.2
Spellcasting   | 3 |  3.1
Fighting       | |  0.2
Dodging        | |  2.1
Conjurations   | |  1.5

Action                   |  1- 3 |  4- 6 || total
-------------------------+-------+-------++-------
Melee: Unarmed           |    12 |       ||    12
       Tentacles         |    12 |     4 ||    16
       Constrict         |     7 |     3 ||    10
       Dagger            |    13 |    10 ||    23
 Cast: Foxfire           |    59 |    28 ||    87
  Use: Scroll            |     1 |       ||     1
       Potion            |     1 |       ||     1
 Stab: Sleeping          |     5 |     2 ||     7
Armor: Skin              |     7 |       ||     7
Dodge: Dodged            |    25 |     6 ||    31

Table legend: (Time is in decaauts)
 A = Elapsed time spent in this place.
 B = Non-inter-level travel time spent in this place.
 C = Inter-level travel time spent in this place.
 D = Time resting spent in this place.
 E = Time spent auto-exploring this place.
 F = Levels seen in this place.
 G = Mean time per level.
                   A        B        C        D        E       F      G
               +--------+--------+--------+--------+--------+-----+--------+
         Total |   2793 |   2724 |     69 |     61 |   1950 |   4 |  698.2 |
       Dungeon |   2519 |   2450 |     69 |      0 |   1820 |   3 |  839.7 |
         Sewer |    273 |    273 |      0 |     61 |    130 |   1 |  273.0 |
               +--------+--------+--------+--------+--------+-----+--------+

Top non-repeatable levels by time:
     D:1: 1252 daAuts
     D:3: 661 daAuts
     D:2: 605 daAuts
   Sewer: 273 daAuts
